 Dungeon Crawl Stone Soup version 0.20.1-1-g8b1a95d (webtiles) character file.

33 Jukra the Skirmisher (level 3, -1/29 HPs)
             Began as a Demonspawn Abyssal Knight on Aug 7, 2017.
             Was a Follower of Lugonu.
             Slain by a worm (9 damage)
             ... on level 2 of the Dungeon.
             The game lasted 00:05:54 (740 turns).

Jukra the Skirmisher (Demonspawn Abyssal Knight)     Turns: 740, Time: 00:05:55

Health: -1/29      AC:  3    Str: 13    XL:     3   Next: 12%
Magic:  0/4        EV:  8    Int: 13    God:    Lugonu [*.....]
Gold:   40         SH: 10    Dex: 12    Spells: 2/2 levels left

rFire    . . .     SeeInvis .   g - +0 mace (crush)
rCold    . . .     Gourm    .   e - +0 large shield
rNeg     . . .     Faith    .   b - +0 leather armour
rPois    .         Spirit   +   (no helmet)
rElec    .         Reflect  .   (no cloak)
rCorr    .         Harm     .   (no gloves)
MR       .....                  (no boots)
Stlth    +.........             (no amulet)
Regen    0.1/turn               (no ring)
MPRegen  0.1/turn               (no ring)

@: no status effects
A: repulsion field 1, magic shield
a: Depart the Abyss, Renounce Religion


You were on level 2 of the Dungeon.
You worshipped Lugonu.
Lugonu was aware of your devotion.
You were not hungry.

You visited 1 branch of the dungeon, and saw 2 of its levels.
You visited the Abyss 1 time.

You collected 40 gold pieces.

Inventory:

Hand Weapons
 a - a +1 hand axe
 g - a +0 mace of crushing (weapon)
Missiles
 f - 7 tomahawks of returning (quivered)
Armour
 b - a +0 leather armour (worn)
 e - a +0 large shield (worn)
 k - a +0 leather armour
Scrolls
 d - 2 scrolls of identify {unknown}
 h - a scroll of teleportation {unknown}
 i - 2 scrolls of recharging {unknown}
 j - 2 scrolls of fog {unknown}
Potions
 l - 2 potions of might {unknown}
 m - a potion of lignification {unknown}
 n - 3 potions of mutation {unknown}
 o - a potion of heal wounds {unknown}
 p - a potion of haste {unknown}
 s - a potion of resistance {unknown}
Comestibles
 c - 2 bread rations
 q - a royal jelly
 r - a chunk of flesh


   Skills:
 + Level 3.4 Fighting
 - Level 1.8(1.9) Axes
 * Level 0.6(1.3) Maces & Flails
 * Level 2.2 Armour
 * Level 1.2 Dodging
 * Level 0.1 Shields
 - Level 2.4 Invocations


You had 2 spell levels left.
You didn't know any spells.

Dungeon Overview and Level Annotations

Branches:
Dungeon (2/15)

Altars:
Qazlal


Innate Abilities, Weirdness & Mutations

You are surrounded by a mild repulsion field. (EV +2)
When hurt, damage is shared between your health and your magic reserves.


Message History

You kill the jackal!
Lugonu accepts your kill. You block the jackal's attack.
The jackal barely misses you. The worm bites you!
The jackal closely misses you.
You see here a jackal corpse.
You hit the jackal.
The jackal is moderately wounded.
The jackal completely misses you. The jackal bites you.
* * * LOW HITPOINT WARNING * * *
You block the worm's attack.
You hit the jackal.
You kill the jackal!
Lugonu accepts your kill. The worm bites you.
* * * LOW HITPOINT WARNING * * *
You block the worm's attack.
You see here a jackal corpse.
You barely miss the worm. The worm bites you!
You die...

##.........#
#....###..# #....
#.†.## #
#.##.#..#
#..#.##.##
#####.#.##..###
..............#
.......w......##
.......@.......#
...>.....<.....#
.............!...
#...............#
##..............#
#...........##.#
#...........# .
#.............
...........#..


You could see a worm.

Vanquished Creatures
  2 oozes (D:1)
  A ball python (D:1)
  2 giant cockroaches (D:1)
  A goblin (D:2)
  2 hobgoblins (D:1)
  2 jackals (D:2)
  3 kobolds (D:1)
  6 bats (D:1)
  A frilled lizard (D:2)
  5 rats
25 creatures vanquished.

Notes
Turn   | Place    | Note
-------+----------+-------------------------------------------
     0 | Abyss:1  | Jukra the Demonspawn Abyssal Knight began the quest for the Orb.
     0 | Abyss:1  | Reached XP level 1. HP: 18/18 MP: 2/2
   135 | Abyss:1  | Noticed a small abomination
   136 | D:1      | Escaped the Abyss
   144 | D:1      | Reached skill level 1 in Dodging
   193 | D:1      | Gained mutation: When hurt, damage is shared between your health and your magic reserves. [demonic ancestry]
   193 | D:1      | Reached XP level 2. HP: 15/24 MP: 3/3
   430 | D:1      | Reached * piety under Lugonu
   687 | D:2      | Gained mutation: You are surrounded by a mild repulsion field. (EV +2) [demonic ancestry]
   687 | D:2      | Reached XP level 3. HP: 29/29 MP: 4/4
   688 | D:2      | Found a stormy altar of Qazlal.
   740 | D:2      | Slain by a worm

Skill      XL: |  1 |
---------------+----+-----
Armour         | 2 |  2.2
Dodging        | 1 |  1.2
Fighting       | |  3.4
Axes           | |  1.8
Maces & Flails | |  0.6
Shields        | |  0.1
Invocations    | |  2.4

Action                   || total
-------------------------++-------
Melee: Hand axe          ||    12
       Mace              ||    58
Invok: Depart the Abyss  ||     1
 Stab: Sleeping          ||     1
Armor: Leather armour    ||    18
Dodge: Dodged            ||    30
Block: Large shield      ||    43
